 Dungeon Crawl Stone Soup version 0.25-a0-565-g8875c97ebb (webtiles) character file.

Game seed: 10106807967433571261, levelgen mode: deterministic

121 Gargoyl the Skirmisher (level 4, 0/36 HPs)
             Began as a Centaur Abyssal Knight on Feb 26, 2020.
             Was a Believer of Lugonu.
             Slain by a hobgoblin
             ... wielding a +0 club
             ... led by Robin
              (6 damage)
             ... on level 2 of the Dungeon.
             The game lasted 00:02:42 (2461 turns).

Gargoyl the Skirmisher (Centaur Abyssal Knight)     Turns: 2461, Time: 00:02:42

Health: 0/36       AC:  4    Str: 17    XL:     4   Next: 77%
Magic:  6/6        EV: 10    Int: 11    God:    Lugonu [**....]
Gold:   99         SH:  0    Dex:  9    Spells: 3/3 levels left

rFire    . . .     SeeInvis .   a - +1 hand axe
rCold    . . .     Gourm    .   (no shield)
rNeg     . . .     Faith    .   f - +0 robe (curse)
rPois    .         Spirit   .   (no helmet)
rElec    .         Reflect  .   (no cloak)
rCorr    .         Harm     .   (no gloves)
MR       .....                  (no barding)
Stlth    +.........             (no amulet)
HPRegen  0.12/turn              (no ring)
MPRegen  0.10/turn              (no ring)

@: very quick
A: large, hooves 3, deformed body, speed 2, frail 1, strong 1, tough skin 3
a: Depart the Abyss, Bend Space, Renounce Religion


You were on level 2 of the Dungeon.
You worshipped Lugonu.
Lugonu was pleased with you.
You were not hungry.

You visited 1 branch of the dungeon, and saw 4 of its levels.
You visited the Abyss 1 time.

You collected 99 gold pieces.

Inventory:

Hand Weapons
 a - a +1 hand axe (weapon)
 i - a +0 broad axe
Armour
 e - a +0 ring mail
 f - a cursed +0 robe (worn)
Scrolls
 b - 2 scrolls of teleportation
 k - a scroll of identify
Potions
 d - a potion of curing
 j - a potion of brilliance {unknown}
Comestibles
 c - 3 rations
 g - a chunk of flesh


   Skills:
 + Level 3.7 Fighting
 + Level 2.6 Axes
 * Level 2.0 Armour
 * Level 1.5 Dodging
 * Level 2.8 Invocations


You had 3 spell levels left.
You didn't know any spells.
Your spell library was empty.

Dungeon Overview and Level Annotations

Branches:
Dungeon (4/15)
 Temple: D:4-7

Altars:

Annotations:
D:2 Robin


Innate Abilities, Weirdness & Mutations

You have hooves in place of feet.
Armour fits poorly on your strangely shaped body.
You cover ground very quickly.
You have extremely tough skin. (AC +3)
You are frail. (-10% HP)
Your muscles are strong. (Str +2)


Message History

Robin hits you with a +1 trident of freezing!
Robin freezes you.
Robin hits you with a +1 trident of freezing.
Robin freezes you.
You barely miss Robin.
Robin is moderately wounded.
You hit the hobgoblin but do no damage. The hobgoblin hits you with a +0 club.
Robin throws the goblin at you!
Unknown command.
You barely miss Robin. You kick Robin.
Robin is severely wounded.
You closely miss the goblin. You hit the hobgoblin.
The goblin closely misses you. Robin hits you but does no damage.
The hobgoblin hits you with a +0 club.
* * * LOW HITPOINT WARNING * * *
Unknown command.
You feel better. The goblin hits you.
* * * LOW HITPOINT WARNING * * *
Robin closely misses you. The hobgoblin hits you with a +0 club.
You die...

####..............#
..##..............#
#.##..............#
#.##..............#
#.##.........##..##
#.##.........##..#
#)##.........###.#
#.#+.........# #g##
#.##.........# #@.#
#.##.######### #gg#
#....# ##g# ######
.# .# .# .# .#


You could see Robin, a hobgoblin and 2 goblins.

Vanquished Creatures
  A gnoll (D:2)
  4 adders (D:2)
  2 oozes (D:1)
  2 worms (D:2)
  A dart slug (D:1)
  2 leopard geckos
  A giant cockroach (D:1)
  8 goblins
  5 hobgoblins
  12 jackals
  6 kobolds
  4 ball pythons (D:2)
  A bat (D:1)
  4 frilled lizards
  A rat (D:2)
54 creatures vanquished.

Notes
Turn   | Place    | Note
-------+----------+-------------------------------------------
     0 | Abyss:1  | Gargoyl the Centaur Abyssal Knight began the quest for the
                  | Orb.
     0 | Abyss:1  | Reached XP level 1. HP: 19/19 MP: 2/2
    13 | Abyss:1  | Found a corrupted altar of Lugonu.
    13 | Abyss:1  | Noticed a big kobold
    13 | Abyss:1  | Noticed a big kobold
    13 | Abyss:1  | Noticed a big kobold
    13 | Abyss:1  | Noticed a big kobold
    13 | Abyss:1  | Noticed a big kobold
    13 | Abyss:1  | Noticed a big kobold
    13 | Abyss:1  | Noticed a big kobold
    13 | Abyss:1  | Noticed a big kobold
    33 | Abyss:1  | Found a shimmering altar of Xom.
    48 | Abyss:1  | Found a shimmering altar of Xom.
   120 | Abyss:2  | Noticed a thrashing horror
   121 | D:1      | Escaped the Abyss
   173 | D:1      | Reached * piety under Lugonu
   173 | D:1      | Reached XP level 2. HP: 20/26 MP: 3/3
   510 | D:1      | Reached skill level 1 in Dodging
   652 | D:1      | Reached XP level 3. HP: 31/31 MP: 4/4
  1508 | D:2      | You fall into a shaft and drop 2 floors!
  1591 | D:2      | Gained mutation: You are frail. (-10% HP) [potion of
                  | mutation]
  1591 | D:2      | Gained mutation: Your muscles are strong. (Str +2) [potion
                  | of mutation]
  1624 | D:2      | Reached ** piety under Lugonu
  1878 | D:1      | Reached XP level 4. HP: 32/36 MP: 5/5
  2451 | D:2      | Noticed Robin
  2461 | D:2      | Slain by a hobgoblin

Levels and vault maps discovered:
D:1:      lemuel_arrival_rhombus, layout_loops_ring
D:2:      layout_basic, chequers_serial_rivers_micro_a, minmay_circle_x,
          uniq_robin
D:3:      layout_rooms, first_ration, chequers_ecumenical_altar_simple_redux,
          nicolae_ru_sacrificial_ziggurat
D:4:      layout_basic, grunt_qazlal_clouds, nicolae_overflow_crystal_walls,
          gammafunk_ghost_stat_death, uniq_ijyb

Skill      XL: |  1  2  3  4 |
---------------+-------------+-----
Axes           | 2 |  2.6
Dodging        | 1 |  1.5
Armour         | 2 |  2.0
Fighting       | |  3.7
Invocations    | |  2.8

Action                   |  1- 3 |  4- 6 || total
-------------------------+-------+-------++-------
Melee: Hand axe          |   111 |    50 ||   161
       Kick              |    17 |    13 ||    30
Invok: Depart the Abyss  |     1 |       ||     1
  Use: Potion            |     3 |     1 ||     4
       Scroll            |     5 |       ||     5
  Eat: Chunk             |     2 |     2 ||     4
Armor: Ring mail         |     7 |       ||     7
       Robe              |    51 |    12 ||    63
Dodge: Dodged            |    64 |    25 ||    89

Table legend:
 A = Non-vault XP
 B = Vault XP
 C = Vault XP percentage of total XP
 D = Non-vault monster count
 E = Vault monster count
 F = Vault count percentage of total count
                 A         B        C        D         E       F
            +---------+---------+-------+---------+---------+-------
      Total |     118 |      56 |  32.2 |      40 |      14 |  25.9
            +---------+---------+-------+---------+---------+-------
        D:1 |      49 |       7 |  12.5 |      22 |       1 |   4.3
        D:2 |      64 |      49 |  43.4 |      15 |      13 |  46.4
        D:3 |       1 |       0 |   0.0 |       1 |       0 |   0.0
        D:4 |       4 |       0 |   0.0 |       2 |       0 |   0.0
            +---------+---------+-------+---------+---------+-------
